 Dungeon Crawl Stone Soup version 0.22.1-2-g9c5b331 (webtiles) character file.

156 Fang the Skirmisher (level 5, 0/34 HPs)
             Began as a Gargoyle Berserker on Dec 17, 2018.
             Was a Believer of Trog.
             Slain by an orc (3 damage)
             ... on level 3 of the Dungeon.
             The game lasted 00:02:01 (1838 turns).

Fang the Skirmisher (Gargoyle Berserker)            Turns: 1838, Time: 00:02:02

Health: 0/34       AC: 12    Str: 21    XL:     5   Next: 37%
Magic:  5/5        EV:  8    Int:  8    God:    Trog [**....]
Gold:   109        SH:  0    Dex:  9    Spells: 4/4 levels left

rFire    x . .     SeeInvis .   a - +0 hand axe
rCold    + . .     Gourm    .   (no shield)
rNeg     + + .     Faith    .   q - +0 chain mail
rPois    ∞         Spirit   .   (no helmet)
rElec    +         Reflect  .   (no cloak)
rCorr    .         Harm     .   (no gloves)
MR       .....                  (no boots)
Stlth    ..........             (no amulet)
HPRegen  0.11/turn              k - ring of ice
MPRegen  0.09/turn              o - ring of positive energy

@: berserk cooldown, slowed, very slow
A: negative energy resistance 1, electricity resistance, unbreathing,
petrification resistance, rot immunity, AC +4
a: Berserk, Trog's Hand, Renounce Religion


You were on level 3 of the Dungeon.
You worshipped Trog.
Trog was pleased with you.
You were hungry.

You visited 1 branch of the dungeon, and saw 3 of its levels.

You collected 109 gold pieces.

Inventory:

Hand Weapons
 a - a +0 hand axe (weapon)
Armour
 q - a +0 chain mail (worn)
Jewellery
 k - a ring of ice (left hand)
 o - a ring of positive energy (right hand)
Scrolls
 d - 3 scrolls of fear {unknown}
 e - a scroll of enchant armour {unknown}
 f - a scroll of magic mapping {unknown}
 g - 2 scrolls of identify {unknown}
 j - 2 scrolls of random uselessness {unknown}
 p - a scroll of remove curse {unknown}
Potions
 b - a potion of degeneration {unknown}
 h - a potion of haste {unknown}
 i - a potion of flight {unknown}
 l - a potion of ambrosia {unknown}
 m - a potion of lignification {unknown}
Comestibles
 c - 3 rations


   Skills:
 + Level 4.3 Fighting
 + Level 4.3 Axes
 + Level 2.2 Armour
 + Level 2.2 Dodging
 + Level 0.6 Stealth


You had 4 spell levels left.
You didn't know any spells.
Your spell library was empty.

Dungeon Overview and Level Annotations

Branches:
Dungeon (3/15)

Altars:
Qazlal
Ru


Innate Abilities, Weirdness & Mutations

You are resistant to torment.
Your stone body is resilient. (AC +4)
You are immune to poison.
You resist negative energy. (rN+)
You are resistant to electric shocks. (rElec)
You can survive without breathing.
You are immune to petrification.
You are immune to rotting.


Message History

The orc's wounds heal themselves!
You hit the orc priest.
The orc priest is moderately wounded.
You hit the orc. The orc barely misses you.
The orc priest hits you but does no damage.
The orc hits you but does no damage. The orc priest barely misses you.
You closely miss the orc priest.
The orc priest is moderately wounded.
You barely miss the orc. The orc hits you but does no damage.
The orc priest hits you but does no damage.
The orc barely misses you.
Unknown command.
You closely miss the orc priest.
The orc priest is moderately wounded.
You hit the orc but do no damage.
The orc priest invokes the aid of Beogh against you.
Beogh smites you!
* * * LOW HITPOINT WARNING * * *
The orc hits you.
You die...

###.........##.
##...#######..#.#
#...###.⌠.###.#.# ###
#####.#.##.....##.#.###...
......#.#.......#.......##
.....##.#.......#.##.##...
.......#.#.......#.......#
.........#oo.....#.##.#####
......##.#@).....#.........
..... #.#..)....#.##......
..... #.#.)[....#.##....##
## #.#...........##....##
#..((...............#
########........>....
.............#
#.............
.............


You could see an orc priest and an orc.

Vanquished Creatures
  An orc priest (D:3)
  A hound skeleton (D:2)
  A worker ant zombie (D:2)
  3 adders (D:2)
  2 adder zombies (D:2)
  An adder skeleton (D:2)
  A worm (D:2)
  3 dart slugs (D:2)
  6 orcs (D:3)
  A ball python (D:1)
  A bat zombie (D:2)
  2 giant cockroaches (D:2)
  6 goblins
  5 hobgoblins
  3 bats
  6 frilled lizards
  8 kobolds
  A leopard gecko zombie (D:2)
  A quokka skeleton (D:2)
  A quokka zombie (D:2)
  3 rats
57 creatures vanquished.

Notes
Turn   | Place    | Note
-------+----------+-------------------------------------------
     0 | D:1      | Fang the Gargoyle Berserker began the quest for the Orb.
     0 | D:1      | Reached XP level 1. HP: 14/14 MP: 1/1
   660 | D:2      | Reached XP level 2. HP: 16/20 MP: 2/2
   667 | D:2      | Reached XP level 3. HP: 13/24 MP: 3/3
  1105 | D:2      | Reached XP level 4. HP: 24/29 MP: 4/4
  1107 | D:2      | Found a sacrificial altar of Ru.
  1143 | D:2      | Reached ** piety under Trog
  1496 | D:3      | Reached XP level 5. HP: 14/33 MP: 5/5
  1695 | D:3      | Found a stormy altar of Qazlal.
  1838 | D:3      | Slain by an orc

Skill      XL: |  1  2  3  4 |
---------------+-------------+-----
Axes           | 3 4 |  4.3
Fighting       | 4 |  4.3
Dodging        | 2 |  2.2
Armour         | |  2.2
Stealth        | |  0.6

Action                   |  1- 3 |  4- 6 || total
-------------------------+-------+-------++-------
Melee: Hand axe          |    52 |   124 ||   176
Invok: Berserk           |     2 |     1 ||     3
 Stab: Sleeping          |     1 |       ||     1
  Eat: Chunk             |     2 |     3 ||     5
Armor: Animal skin       |    19 |    23 ||    42
       Ring mail         |       |    22 ||    22
       Chain mail        |       |    23 ||    23
Dodge: Dodged            |    41 |    67 ||   108
